General information
- name: BNet
- type: Ladder team game (AT/RT)
- host: Battle.net
- saver: DaHumanPukePile
map: Battleground
- players: 8
- length: 17:23
- speed: Fast
- version: 1.28 W3XP
- replay type: Public
» download(133 KB)
Players
team 1 (winner)

»
SimonPhoenix (
orange | 39 APM | 670 actions | 17:22)
4 Dreadlord
2 Sleep
2 Vampiric Aura
3 Death Knight
1 Death Coil
2 Unholy Aura
» actions
| Assign group hotkey | 25 | |
| Build / train | 50 | |
| Enter build submenu | 15 | |
| Enter hero's abilities submenu | 7 | |
| Give item / drop item | 3 | |
| Remove unit from queue | 1 | |
| Right click | 205 | |
| Select / deselect | 169 | |
| Select group hotkey | 153 | |
| Use ability | 42 | |
670 total
» units
| Acolyte | 3 | |
| Ghoul | 6 | |
| Necromancer | 10 | |
| Meatwagon | 5 | |
24 total
» upgrades
| Unholy Strength | 3 | |
| Necromancer Training | 2 | |
| Unholy Armor | 2 | |
| Exhume Corpses | 1 | |
8 total
» buildings
| Ziggurat | 7 | |
| Graveyard | 1 | |
| Crypt | 1 | |
| Altar of Darkness | 1 | |
| Nerubian Tower | 1 | |
| Tomb of Relics | 1 | |
| Spirit Tower | 2 | |
| Halls of the Dead | 1 | |
| Temple of the Damned | 2 | |
| Black Citadel | 1 | |
| Slaughterhouse | 2 | |
20 total
» build order
00:59 Ziggurat
01:02 Graveyard
01:06 Crypt
01:10 Altar of Darkness
01:17 Ziggurat
02:00 Nerubian Tower
02:31 Ziggurat
02:54 Tomb of Relics
03:07 Spirit Tower
03:37 Halls of the Dead
04:26 Spirit Tower
04:30 Ziggurat
06:07 Temple of the Damned
06:12 Temple of the Damned
06:29 Black Citadel
06:58 Ziggurat
08:39 Slaughterhouse
11:56 Ziggurat
12:40 Slaughterhouse
12:44 Ziggurat
» items
| Rod of Necromancy | 1 | |
| Orb of Corruption | 1 | |
2 total
Wumbo2 (
teal | 83 APM | 1434 actions | 17:22)
6 Tauren Chieftain
2 Endurance Aura
3 Shockwave
1 Reincarnation
» actions
| Assign group hotkey | 19 | |
| Basic commands | 8 | |
| Build / train | 61 | |
| Enter build submenu | 14 | |
| Enter hero's abilities submenu | 6 | |
| Give item / drop item | 1 | |
| Remove unit from queue | 2 | |
| Right click | 809 | |
| Select / deselect | 272 | |
| Select group hotkey | 159 | |
| Use ability | 83 | |
1434 total
» units
| Peon | 7 | |
| Grunt | 4 | |
| Forest Troll Shadow Priest | 1 | |
| Forest Troll Berserker | 1 | |
| Raider | 15 | |
| Kodo Beast | 2 | |
| Tauren | 5 | |
35 total
» upgrades
| Ensnare | 1 | |
| Berserker Strength | 1 | |
| War Drums Damage Increase | 1 | |
| Melee Weapons | 3 | |
| Armor | 1 | |
| Reinforced Defenses | 0 | |
7 total
» buildings
| Altar of Storms | 1 | |
| Orc Burrow | 7 | |
| Barracks | 1 | |
| Voodoo Lounge | 1 | |
| Stronghold | 1 | |
| Beastiary | 2 | |
| War Mill | 1 | |
| Fortress | 1 | |
| Tauren Totem | 1 | |
16 total
» build order
00:08 Altar of Storms
00:16 Orc Burrow
00:30 Barracks
01:27 Orc Burrow
02:19 Voodoo Lounge
02:53 Stronghold
03:59 Orc Burrow
04:02 Orc Burrow
05:19 Beastiary
05:48 Beastiary
05:53 War Mill
07:15 Fortress
09:43 Orc Burrow
09:45 Orc Burrow
13:10 Tauren Totem
14:53 Orc Burrow
» items
| Healing Salve | 4 | |
| Lesser Clarity Potion | 3 | |
| Orb of Lightning | 1 | |
8 total
DaHumanPukePile (
pink | 10 APM | 178 actions | 17:23)
» actions
| Basic commands | 2 | |
| Build / train | 22 | |
| Enter build submenu | 19 | |
| Right click | 32 | |
| Select / deselect | 80 | |
| Use ability | 23 | |
178 total
» units
» upgrades
| Masonry | 2 | |
| Lumber Harvesting | 1 | |
3 total
» buildings
| Lumber Mill | 2 | |
| Scout Tower | 15 | |
| Arcane Tower | 1 | |
| Guard Tower | 9 | |
| Keep | 1 | |
| Altar of Kings | 1 | |
29 total
» build order
03:54 Lumber Mill
03:58 Scout Tower
04:02 Scout Tower
04:03 Scout Tower
04:05 Scout Tower
04:06 Scout Tower
04:25 Arcane Tower
04:57 Guard Tower
05:12 Guard Tower
05:23 Guard Tower
05:34 Guard Tower
05:39 Scout Tower
05:43 Scout Tower
05:48 Scout Tower
05:52 Scout Tower
06:08 Guard Tower
06:15 Guard Tower
06:19 Guard Tower
06:34 Guard Tower
08:16 Keep
13:42 Lumber Mill
13:51 Scout Tower
13:52 Scout Tower
13:52 Scout Tower
13:53 Scout Tower
13:54 Scout Tower
13:56 Scout Tower
15:13 Guard Tower
15:15 Altar of Kings
rileyhugh (
green | 27 APM | 463 actions | 17:22)
4 Blood Mage
2 Flame Strike
2 Siphon Mana
» actions
| Basic commands | 1 | |
| Build / train | 50 | |
| Enter build submenu | 20 | |
| Enter hero's abilities submenu | 4 | |
| Give item / drop item | 1 | |
| Remove unit from queue | 1 | |
| Right click | 210 | |
| Select / deselect | 145 | |
| Use ability | 31 | |
463 total
» units
| Peasant | 11 | |
| Footman | 4 | |
| Rifleman | 11 | |
| Mortar Team | 6 | |
32 total
» upgrades
| Gunpowder | 3 | |
| Long Rifles | 1 | |
| Armor | 1 | |
5 total
» buildings
| Farm | 10 | |
| Altar of Kings | 1 | |
| Barracks | 1 | |
| Keep | 1 | |
| Blacksmith | 1 | |
| Lumber Mill | 2 | |
| Workshop | 2 | |
| Arcane Vault | 1 | |
| Castle | 1 | |
| Gryphon Aviary | 2 | |
22 total
» build order
00:58 Farm
01:00 Altar of Kings
01:03 Barracks
01:50 Farm
02:35 Farm
02:45 Keep
03:11 Farm
03:24 Blacksmith
04:11 Farm
04:19 Lumber Mill
04:47 Farm
04:57 Lumber Mill
05:08 Workshop
05:14 Workshop
05:33 Farm
08:06 Farm
08:16 Farm
08:26 Arcane Vault
10:20 Castle
10:34 Farm
12:13 Gryphon Aviary
12:22 Gryphon Aviary
» items
| Scroll of Town Portal | 1 | |
| Ivory Tower | 3 | |
| Potion of Healing | 1 | |
5 total
team 2 (loser)

»
TheDylz (
blue | 52 APM | 729 actions | 13:56)
4 Keeper of the Grove
2 Entangling Roots
2 Thorns Aura
» actions
| Assign group hotkey | 19 | |
| Basic commands | 49 | |
| Build / train | 39 | |
| Enter build submenu | 15 | |
| Enter hero's abilities submenu | 4 | |
| Give item / drop item | 1 | |
| Right click | 230 | |
| Select / deselect | 106 | |
| Select group hotkey | 230 | |
| Use ability | 36 | |
729 total
» units
| Wisp | 16 | |
| Archer | 6 | |
| Dryad | 5 | |
| Mountain Giant | 1 | |
28 total
» upgrades
| Strength of the Wild | 1 | |
| Reinforced Hides | 1 | |
| Abolish Magic | 1 | |
3 total
» buildings
| Moon Well | 5 | |
| Altar of Elders | 1 | |
| Ancient of War | 1 | |
| Hunter's Hall | 1 | |
| Tree of Ages | 1 | |
| Ancient of Wonders | 1 | |
| Ancient of Lore | 2 | |
| Tree of Life | 2 | |
14 total
» build order
00:28 Moon Well
00:43 Altar of Elders
01:22 Ancient of War
01:51 Moon Well
02:50 Hunter's Hall
03:26 Tree of Ages
03:52 Moon Well
05:22 Moon Well
05:33 Ancient of Wonders
06:04 Ancient of Lore
06:08 Ancient of Lore
07:24 Moon Well
09:16 Tree of Life
12:03 Tree of Life
» items
| Potion of Healing | 1 | |
| Moonstone | 1 | |
2 total
stumpadump (
purple | 62 APM | 948 actions | 15:11)
3 Keeper of the Grove
1 Force of Nature
2 Entangling Roots
3 Warden
2 Shadow Strike
1 Blink
» actions
| Assign group hotkey | 23 | |
| Basic commands | 1 | |
| Build / train | 43 | |
| Enter build submenu | 23 | |
| Enter hero's abilities submenu | 7 | |
| Give item / drop item | 1 | |
| Right click | 395 | |
| Select / deselect | 207 | |
| Select group hotkey | 198 | |
| Use ability | 50 | |
948 total
» units
| Wisp | 15 | |
| Archer | 10 | |
| Hippogryph | 4 | |
29 total
» upgrades
| Improved Bows | 1 | |
| Hippogryph Taming | 1 | |
| Moon Armor | 1 | |
| Strength of the Moon | 1 | |
4 total
» buildings
| Altar of Elders | 2 | |
| Moon Well | 12 | |
| Ancient of War | 2 | |
| Ancient of Wonders | 2 | |
| Tree of Ages | 1 | |
| Hunter's Hall | 1 | |
| Ancient of Wind | 2 | |
| Ancient Protector | 3 | |
| Tree of Eternity | 1 | |
| Tree of Life | 1 | |
27 total
» build order
00:10 Altar of Elders
00:19 Moon Well
00:32 Ancient of War
01:40 Ancient of Wonders
02:05 Moon Well
02:59 Tree of Ages
03:04 Moon Well
03:39 Moon Well
03:48 Hunter's Hall
06:32 Ancient of Wind
06:47 Moon Well
07:16 Moon Well
07:50 Ancient of Wind
08:20 Ancient Protector
09:20 Moon Well
09:24 Ancient Protector
09:28 Tree of Eternity
13:47 Tree of Life
13:51 Altar of Elders
13:54 Moon Well
13:57 Ancient of War
14:03 Ancient of Wonders
14:07 Ancient Protector
14:18 Moon Well
14:20 Moon Well
14:21 Moon Well
14:23 Moon Well
AFKER_TKER_BSER (
red | 18 APM | 312 actions | 17:19)
» actions
| Build / train | 20 | |
| Enter build submenu | 50 | |
| Right click | 87 | |
| Select / deselect | 113 | |
| Use ability | 42 | |
312 total
» units
» buildings
| Graveyard | 2 | |
| Crypt | 2 | |
| Ziggurat | 22 | |
| Spirit Tower | 13 | |
| Halls of the Dead | 1 | |
| Necropolis | 11 | |
| Altar of Darkness | 3 | |
54 total
» build order
00:24 Graveyard
00:27 Crypt
00:30 Ziggurat
00:37 Crypt
02:05 Ziggurat
02:06 Ziggurat
02:11 Ziggurat
02:23 Ziggurat
02:38 Ziggurat
02:55 Ziggurat
03:23 Spirit Tower
03:35 Spirit Tower
03:48 Spirit Tower
04:02 Spirit Tower
04:03 Spirit Tower
04:16 Spirit Tower
04:17 Spirit Tower
04:36 Ziggurat
05:00 Ziggurat
05:03 Ziggurat
05:49 Ziggurat
05:51 Ziggurat
05:54 Ziggurat
06:03 Ziggurat
06:18 Ziggurat
07:09 Spirit Tower
07:32 Spirit Tower
08:00 Ziggurat
08:17 Spirit Tower
08:47 Halls of the Dead
09:12 Spirit Tower
09:15 Spirit Tower
10:21 Necropolis
11:00 Necropolis
11:03 Necropolis
11:27 Necropolis
11:34 Spirit Tower
12:47 Necropolis
13:09 Necropolis
13:10 Necropolis
13:32 Necropolis
14:33 Necropolis
14:44 Necropolis
14:47 Necropolis
14:58 Altar of Darkness
15:12 Altar of Darkness
15:26 Altar of Darkness
16:40 Ziggurat
16:42 Ziggurat
16:44 Ziggurat
16:49 Ziggurat
16:51 Ziggurat
17:00 Ziggurat
17:15 Graveyard
AAAA (
yellow | 0 APM | 5 actions | 17:22)
Chat log
(00:13 / Allies) SimonPhoenix: yo
(00:24 / Allies) SimonPhoenix: units?
(00:46 / Allies) rileyhugh: rifles morts tanks
(01:27 / Allies) SimonPhoenix: should we rush?
(01:35 / Allies) rileyhugh: i dont think so
(01:40 / Allies) rileyhugh: not being one down
(01:51 / Allies) SimonPhoenix: really? whats the alternative?
(02:02 / Allies) rileyhugh: i could go straight to morts then hit a base
(02:09 / Allies) rileyhugh: when they all tp you two hit top
(02:14 / Allies) SimonPhoenix: yeah i guess try that. tower up and tech i guess
(02:27 / Allies) rileyhugh: can someone send me a click of wood then?
(02:41 / Allies) SimonPhoenix: teal what are you going
(02:50 / Allies) Wumbo2: no idea
(03:26 / Allies) SimonPhoenix: what are you good with?
(03:41 / Allies) Wumbo2: ill just mass raiders for now
(03:44 / Allies) DaHumanPukePile: sorry guys
(03:47 / Allies) DaHumanPukePile: was listening to genesis
(04:01 / Allies) SimonPhoenix: hurry up bro.
(04:15 / Allies) SimonPhoenix: all get towers incase they split so we can keep pink
(07:17 / Allies) SimonPhoenix: healers
(07:34 / Allies) SimonPhoenix: pink what are you doing
(07:44 / Allies) DaHumanPukePile: IM H ELPIN
(07:57 / Allies) rileyhugh: pink get up some air
(08:08 / Allies) DaHumanPukePile: I have a good vert already
(08:45 / Allies) rileyhugh: are you guys going to be ready to counter top
(08:55 / Allies) rileyhugh: going to hit the west soon with morts
(09:00 / Allies) rileyhugh: ill get capital then tp out
(09:33 / Allies) rileyhugh: so you guys about ready to hit top?
(09:38 / Allies) SimonPhoenix: teal lets go
(09:46 / Allies) rileyhugh: wait till after i hit
(09:52 / Allies) SimonPhoenix: back green
(09:53 / Allies) SimonPhoenix: get out
(09:59 / Allies) SimonPhoenix: or not
(10:00 / Allies) SimonPhoenix: haha
(10:25 / All) AFKER_TKER_BSER: YOU ASS
(10:27 / Allies) rileyhugh: got reds main
(10:30 / Allies) SimonPhoenix: wait for green
(12:36 / All) DaHumanPukePile: I wont be coming home tonight My generation will put it right Were not just making promises That we know, well never keep
(12:53 / All) DaHumanPukePile: CANT U SEE THIS IS THE LAND OF CONFUSION
(12:54 / All) AFKER_TKER_BSER: BUT NOBODY CARES ABOUT U
(12:56 / All) AFKER_TKER_BSER: DOESNT MATTER
(13:10 / All) DaHumanPukePile: My team > your team
(13:13 / All) DaHumanPukePile: End of story
(13:15 / All) AFKER_TKER_BSER: LEL
(13:22 / All) AFKER_TKER_BSER: ME AND YELLOW DIDNT PLAY
(13:24 / All) AFKER_TKER_BSER: DUMBSHIT
(13:26 / All) DaHumanPukePile: And I care?
(13:34 / All) DaHumanPukePile: Tell your livejournal crybaby
(13:34 / All) AFKER_TKER_BSER: UR DUMB AS FUCK
(13:35 / All) AFKER_TKER_BSER: KILL URSELF
(13:37 / All) DaHumanPukePile: My team > your team
(13:40 / All) DaHumanPukePile: End of discussion, pussy
(13:43 / All) AFKER_TKER_BSER: KILL YOURSELF
(13:43 / All) AFKER_TKER_BSER: NOW
(13:47 / All) DaHumanPukePile: Do you need a tissue to cry into?
(13:48 / All) AFKER_TKER_BSER: SHOOT YOUR FACE
(13:50 / All) AFKER_TKER_BSER: WITH THE GUN
(13:50 / All) AFKER_TKER_BSER: NOW
(14:00 / All) DaHumanPukePile: you saw my name and got scared
(14:03 / All) AFKER_TKER_BSER: GUN
(14:04 / All) AFKER_TKER_BSER: NOW
(14:07 / All) AFKER_TKER_BSER: TO YOUR FACE
(14:09 / All) DaHumanPukePile: needed an excuse for this ass whoopin
(14:09 / All) AFKER_TKER_BSER: END IT
(14:11 / All) AFKER_TKER_BSER: END IT
(14:13 / All) AFKER_TKER_BSER: NOW
(14:17 / All) AFKER_TKER_BSER: ITS THE EASY WAY OUT
(14:18 / All) AFKER_TKER_BSER: NOW
(14:20 / Allies) rileyhugh: yo guys, good shit up top
(14:32 / All) DaHumanPukePile: I just want everyone to know that red saw my username
(14:34 / All) DaHumanPukePile: and bitched out
(14:39 / All) DaHumanPukePile: Cuz he's bitch made
(14:40 / All) AFKER_TKER_BSER: END
(14:41 / All) AFKER_TKER_BSER: YOUR LIFE
(14:59 / All) DaHumanPukePile: My lieutenent is about to end oyurs
(15:03 / All) DaHumanPukePile: Green is my right hand man
(15:06 / All) AFKER_TKER_BSER: LEL
(15:08 / Allies) SimonPhoenix: teal what are you doing
(15:16 / All) AFKER_TKER_BSER: SURE FAGGIT
(15:21 / Allies) DaHumanPukePile: I'm the logistics guy
(16:05 / All) DaHumanPukePile: TAKE THAT
(16:06 / All) DaHumanPukePile: TASTE THE PAIN
(16:21 / All) AFKER_TKER_BSER: LUL PAIN? YOU SPEAK OF WHAT YOU FEEL INSIDE
(16:24 / All) AFKER_TKER_BSER: YOU ARE ALONE
(16:38 / All) DaHumanPukePile: I'm alone
(16:40 / All) DaHumanPukePile: With your mom
(16:41 / All) DaHumanPukePile: OWNED
(16:54 / All) AFKER_TKER_BSER: MOM JOKES
(16:54 / All) DaHumanPukePile: She's sucking on the D right now, she got a good head game
(16:55 / All) AFKER_TKER_BSER: LEL